 Dungeon Crawl Stone Soup version 0.24.0-1-gfbc8707 (webtiles) character file.

Game seed: 3071836362813965219, levelgen mode: deterministic

28 TheGoonsmith the Skirmisher (level 3, -2/23 HPs)
             Began as a Gargoyle Berserker on Nov 1, 2019.
             Was a Follower of Trog.
             Slain by Sigmund
             ... wielding a +0 scythe
              (4 damage)
             ... on level 2 of the Dungeon.
             The game lasted 00:01:59 (1223 turns).

TheGoonsmith the Skirmisher (Gargoyle Berserker)    Turns: 1223, Time: 00:02:00

Health: -2/23      AC: 12    Str: 25    XL:     3   Next: 12%
Magic:  3/3        EV:  8    Int:  7    God:    Trog [*.....]
Gold:   35         SH:  0    Dex:  8    Spells: 2/2 levels left

rFire    . . .     SeeInvis .   a - +0 mace
rCold    . . .     Gourm    .   (no shield)
rNeg     + . .     Faith    .   g - +0 chain mail
rPois    ∞         Spirit   .   (helmet restricted)
rElec    +         Reflect  .   (no cloak)
rCorr    .         Harm     .   (no gloves)
MR       .....                  (no boots)
Stlth    ..........             (no amulet)
HPRegen  0.07/turn              (no ring)
MPRegen  0.08/turn              (no ring)

@: mighty, berserk cooldown, slowed, very slow
A: horns 1, clumsy 1, negative energy resistance 1, electricity resistance,
unbreathing, petrification resistance, rot immunity, AC +3
a: Berserk, Renounce Religion


You were on level 2 of the Dungeon.
You worshipped Trog.
Trog was aware of your devotion.
You were near starving.

You visited 1 branch of the dungeon, and saw 2 of its levels.

You collected 35 gold pieces.

Inventory:

Hand Weapons
 a - a +0 mace (weapon)
Missiles
 d - 34 stones (quivered)
Armour
 b - a +0 animal skin
 g - a +0 chain mail (worn)
Scrolls
 e - a scroll of identify
 h - a scroll of amnesia {unknown}
 j - a scroll of remove curse {unknown}
Comestibles
 c - a ration


   Skills:
 + Level 3.6 Fighting
 * Level 3.6 Maces & Flails
 + Level 2.6 Armour
 - Level 1.5 Dodging


You had 2 spell levels left.
You didn't know any spells.
Your spell library was empty.

Dungeon Overview and Level Annotations

Branches:
Dungeon (2/15)

Altars:

Annotations:
D:2 Sigmund


Innate Abilities, Weirdness & Mutations

You are resistant to torment.
Your stone body is resilient. (AC +3)
You are immune to poison.
You resist negative energy. (rN+)
You are resistant to electric shocks. (rElec)
You can survive without breathing.
You are immune to petrification.
You are immune to rotting.
You have a pair of small horns on your head.
You are clumsy. (Dex -2)


Message History

It was a potion of mutation.
You feel extremely strange.
You feel clumsy. A pair of horns grows on your head!
You feel less confused. Something hits you.
* * * LOW HITPOINT WARNING * * *
Okay, then.
As you read the scroll labeled JYD PERITRIOT, it crumbles to dust.
It is a scroll of identify.
i - a potion of might Something hits you but does no damage.
You feel very mighty all of a sudden. Something hits you but does no damage.
You hit something. Something hits you.
* * * LOW HITPOINT WARNING * * *
You aren't carrying any potions.
You miss something. Your headbutt misses something.
Something hits you but does no damage.
You barely miss something. Something hits you but does no damage.
Something hits you.
You die...

.............# ............
..........#..# ######......
#.#####.###..########<.###.
#...........>....#
#####..#########.#
#######..# #.# #........#
#.# ##.#####{## #.#
.......@.# #.# .#.#######
#.# #.# #..


There were no monsters in sight!

Vanquished Creatures
  A dart slug (D:1)
  A giant cockroach (D:1)
  3 goblins (D:1)
  4 hobgoblins (D:1)
  A quokka (D:2)
  4 bats (D:1)
  3 frilled lizards (D:1)
  6 kobolds (D:1)
  A rat (D:2)
24 creatures vanquished.

Notes
Turn   | Place    | Note
-------+----------+-------------------------------------------
     0 | D:1      | TheGoonsmith the Gargoyle Berserker began the quest for the
                  | Orb.
     0 | D:1      | Reached XP level 1. HP: 14/14 MP: 1/1
   392 | D:1      | Reached XP level 2. HP: 19/19 MP: 2/2
   845 | D:1      | Reached XP level 3. HP: 23/23 MP: 3/3
  1204 | D:2      | Noticed Sigmund
  1217 | D:2      | Gained mutation: You are clumsy. (Dex -2) [potion of
                  | mutation]
  1217 | D:2      | Gained mutation: You have a pair of small horns on your
                  | head. [potion of mutation]
  1223 | D:2      | Slain by Sigmund

Levels and vault maps discovered:
D:1:      wander_arrival_lonely_grave, layout_basic
D:2:      layout_loops_ring, uniq_sigmund, uniq_jessica

Action                   || total
-------------------------++-------
Melee: Mace              ||    90
Invok: Berserk           ||     3
  Use: Potion            ||     2
       Scroll            ||     1
  Eat: Chunk             ||     2
Armor: Animal skin       ||    14
       Chain mail        ||    50
Dodge: Dodged            ||    75
